 Dungeon Crawl Stone Soup version 0.29-a0-315-gaf6dd05e2f (webtiles) character file.

Game seed: 13039447223712769731

6102 jmlagarto the Ducker (level 10, -6/91 HPs)
             Began as a Deep Dwarf Gladiator on Mar 28, 2022.
             Was an Elder of Cheibriados.
             Mangled by Gastronok (26 damage)
             ... on level 9 of the Dungeon on Mar 29, 2022.
             The game lasted 00:22:55 (6986 turns).

jmlagarto the Ducker (Deep Dwarf Gladiator)         Turns: 6986, Time: 00:22:55

Health: -6/91      AC: 23    Str: 33    XL:     10   Next: 58%
Magic:  10/10      EV: 28    Int: 22    God:    Cheibriados [****..]
Gold:   271        SH: 12    Dex: 24    Spells: 9/9 levels left

rFire   . . .      SeeInvis .   D - +9 mace of the Beast {holy, *Slow Fly rElec Int+4}
rCold   + . .      Faith    .   A - +0 kite shield
rNeg    + . .      Spirit   .   a - +5 chain mail of the Morning {rC+ rN+ Will+}
rPois   .          Reflect  .   c - +0 helmet
rElec   +          Harm     .   C - +0 cloak
rCorr   .          Rampage  .   Q - +0 pair of gloves
Will    +++..                   (no boots)
Stlth   ..........              R - amulet of the acrobat
HPRegen 0.00/turn               P - ring of willpower
MPRegen 0.12/turn               M - +4 ring of protection

@: acrobatic, flying, slowed, very slow
A: damage resistance, heal wounds, sense surroundings 2, no regeneration
a: Heal Wounds, Renounce Religion, Bend Time, Temporal Distortion, Slouch


You were on level 9 of the Dungeon.
You worshipped Cheibriados.
Cheibriados was greatly pleased with you.
You visited 1 branch of the dungeon, and saw 9 of its levels.

You collected 445 gold pieces.
You spent 174 gold pieces at shops.

Inventory:

Hand Weapons
 D - the +9 mace of the Beast (weapon) {holy, *Slow Fly rElec Int+4}
   (You found it on level 3 of the Dungeon)

   It has been blessed by the Shining One to cause great damage to the undead
   and demons.
   Int:       It affects your intelligence (+4).
   rElec:     It insulates you from electricity.
   Fly:       It grants you flight.
   *Slow:     It may slow you when you take damage.
 W - the +5 flail of the First Curses {flame, *Slow +Blink rPois rC+++}
   (You found it on level 8 of the Dungeon)

   It burns those it strikes, dealing additional fire damage.
   rC:        It renders you almost immune to cold.
   rPois:     It protects you from poison.
   +Blink:    It lets you blink.
   *Slow:     It may slow you when you take damage.
 Y - the +8 glaive "Zoppubla" {elec, rF+}
   (You found it on level 5 of the Dungeon)

   It occasionally discharges a powerful burst of electricity upon striking a
   foe.
   rF:        It protects you from fire.
Missiles
 d - 5 throwing nets
 e - 3 javelins
 x - 8 boomerangs (quivered)
 L - 6 atropa-tipped darts
 S - 2 curare-tipped darts
Armour
 a - the +5 chain mail of the Morning (worn) {rC+ rN+ Will+}
   (You found it on level 9 of the Dungeon)

   rC:        It protects you from cold.
   rN:        It protects you from negative energy.
   Will:      It increases your willpower.
 c - a +0 helmet (worn)
 A - a +0 kite shield (worn)
 C - a +0 cloak (worn)
 Q - a +0 pair of gloves (worn)
Magical Staves
 E - a staff of cold
Jewellery
 q - a ring of magical power
 B - a ring of positive energy
 J - a ring of positive energy
 M - a +4 ring of protection (right hand)
 O - a ring of protection from cold
 P - a ring of willpower (left hand)
 R - an amulet of the acrobat (around neck)
 X - an amulet of magic regeneration
Wands
 n - a wand of iceblast (13)
 N - a wand of flame (8)
 Z - a wand of digging (3)
Scrolls
 b - 3 scrolls of fog
 f - 5 scrolls of enchant weapon
 h - a scroll of summoning
 i - 4 scrolls of enchant armour
 l - a scroll of teleportation
 m - 3 scrolls of immolation
 r - 2 scrolls of amnesia
 s - 3 scrolls of vulnerability
 y - a scroll of blinking {unknown}
 K - a scroll of holy word {unknown}
 T - 2 scrolls of identify
 U - a scroll of fear {unknown}
Potions
 g - 4 potions of attraction
 k - a potion of flight {unknown}
 o - 3 potions of cancellation
 p - 5 potions of curing
 u - 2 potions of might
 v - 2 potions of heal wounds
 w - 2 potions of degeneration {unknown}
 z - a potion of berserk rage {unknown}
 F - 3 potions of haste
 G - 2 potions of brilliance {unknown}
 H - a potion of mutation {unknown}
 I - a potion of lignification {unknown}
 V - 3 potions of resistance {unknown}


   Skills:
 + Level 6.0 Fighting
 - Level 4.5(6.0) Axes
 + Level 5.6(6.2) Maces & Flails
 + Level 6.1 Throwing
 + Level 6.8 Armour
 + Level 7.8 Dodging
 + Level 6.5 Shields
 + Level 5.1 Invocations


You had 9 spell levels left.
You didn't know any spells.
Your spell library contained the following spells:

 Spells                   Type           Power      Damage    Failure   Level
 Animate Skeleton         Necr           0%         N/A       86%         1
 Magic Dart               Conj           0%         1d3       86%         1
 Pain                     Necr           0%         1d4       86%         1
 Corpse Rot               Necr/Air       0%         N/A       95%         2
 Poisonous Vapours        Pois/Air       0%         N/A       95%         2
 Searing Ray              Conj           0%         2d4       95%         2
 Gell's Gravitas          Tloc           0%         N/A       99%         3
 Lesser Beckoning         Tloc           0%         N/A       99%         3
 Teleport Other           Tloc           0%         N/A       99%         3
 Vampiric Draining        Necr           0%         2d6       99%         3
 Airstrike                Air            0%         N/A       100%        4
 Fulminant Prism          Conj/Hex       0%         3d6       100%        4
 Summon Lightning Spire   Summ/Air       0%         N/A       100%        4
 Lightning Bolt           Conj/Air       0%         1d11      100%        5


Dungeon Overview and Level Annotations

Branches:
Dungeon (9/15)             Temple (0/1) D:6
   Lair: D:8-11         Orc: D:9-12

Altars:
Cheibriados
Dithmenos
Okawaru
Qazlal
Trog
Wu Jian
Xom

Shops:
D:2 *   D:7 !*((

Annotations:
D:9 Gastronok


Innate Abilities, Weirdness & Mutations

You are resistant to damage.
You can heal yourself by infusing magical energy.
You passively map the area around you.
You do not regenerate.


Message History

You block the kobold's attack. The kobold hits you but does no damage.
You barely miss the kobold. You block the kobold's attack.
You miss the kobold. The kobold hits you but does no damage.
You hit the kobold.
You kill the kobold!
Cheibriados thoroughly appreciates the change of pace.
No target in view!
Items here: ))) [ †.
S - 2 curare-tipped darts (gained 1)
Things that are here:
a +0 whip; a +0 dagger; a kobold corpse Gastronok the Ponderous comes into view.
Gastronok gurgles horribly!
Found a book of Geomancy.
A boulder beetle comes into view.
You hit Gastronok.
Gastronok is lightly wounded.
Gastronok bites you!!
You feel yourself slow down.
You thump Gastronok!
Gastronok is lightly wounded.
The boulder beetle bites you but does no damage. x2
Gastronok barely misses you.
You sock Gastronok!
Gastronok is lightly wounded.
The boulder beetle bites you!!
The boulder beetle bites you but does no damage.
Gastronok bites you!
The boulder beetle attacks as you move away!
The boulder beetle bites you!!
* * * LOW HITPOINT WARNING * * *
The boulder beetle curls into a ball and begins rolling!
The boulder beetle hits you but does no damage.
The boulder beetle stops rolling and uncurls.
The boulder beetle curls into a ball and begins rolling!
The boulder beetle misses you.
The boulder beetle stops rolling and uncurls.
The boulder beetle misses you. The boulder beetle barely misses you.
You block Gastronok's attack. Gastronok attacks as you move away!
Gastronok bites you!!
You die...

#...######## * ,
#...# * #...# * *,
#...# *, #...# * ,
#...# *
########...######## *
,,...................
* ,
:......@...........
**
######wB########### *
#..# #..# #..# , #..#
*, #..# #..# *,* * *
#..#


You could see Gastronok and a boulder beetle.

Vanquished Creatures
  Erica (D:7)
  Pikel (D:6)
  Joseph (D:8)
  Maurice (D:8)
  Grinder (D:4)
  Sigmund (D:3)
  A wraith (D:8)
  2 steam dragons
  The ghost of Leszczynek the Chopper, an amateur HuGl of Ashenzari (D:4)
  Menkaure (D:6)
  2 water moccasins (D:5)
  3 orc warriors (D:8)
  2 black bears
  2 sky beasts
  3 centaurs
  A phantom (D:5)
  2 kobold brigands
  A gnoll sergeant (D:8)
  3 bullfrogs
  2 necrophages (D:4)
  3 scorpions
  4 wights (D:7)
  3 howler monkeys (D:8)
  2 jellies
  3 orc priests (D:8)
  Crazy Yiuf (D:3)
  4 hounds
  A gnoll shaman (D:9)
  Jessica (D:3)
  7 iguanas
  Terence (D:3)
  5 orc wizards
  A mummy (D:7)
  15 gnolls
  8 adders
  A shadow imp (D:8)
  3 white imps
  2 dart slugs
  3 worms
  24 orcs
  7 endoplasms
  A giant cockroach (D:3)
  9 goblins
  5 hobgoblins
  7 jackals
  3 quokkas
  5 ball pythons (D:2)
  5 bats
  A frilled lizard (D:1)
  2 hobgoblin zombies (D:7)
  14 kobolds
  A kobold zombie (D:7)
  An orc zombie (D:7)
  A rat (D:1)
186 creatures vanquished.

Vanquished Creatures (others)
  The ghost of qborf the Gusty, a novice SpAE of Gozag (D:7)
1 creature vanquished.

Grand Total: 187 creatures vanquished

Notes
Turn   | Place    | Note
-------+----------+-------------------------------------------
     0 | D:1      | jmlagarto the Deep Dwarf Gladiator began the quest for the
                  | Orb.
     0 | D:1      | Reached XP level 1. HP: 19/19 MP: 1/1
   282 | D:1      | Reached XP level 2. HP: 17/26 MP: 2/2
   844 | D:2      | Reached skill level 1 in Armour
   939 | D:2      | Found Weikhez's Assorted Antiques.
   944 | D:2      | Reached XP level 3. HP: 16/32 MP: 3/3
  1286 | D:2      | Found a faded altar of an unknown god.
  1391 | D:2      | Reached XP level 4. HP: 21/40 MP: 4/4
  1640 | D:3      | Noticed Terence
  1642 | D:3      | Noticed Jessica
  1656 | D:3      | Killed Jessica
  1657 | D:3      | Reached skill level 4 in Dodging
  1657 | D:3      | Killed Terence
  1953 | D:3      | Found a snail-covered altar of Cheibriados.
  1980 | D:3      | Became a worshipper of Cheibriados the Contemplative
  2134 | D:3      | Found a runed translucent door.
  2135 | D:3      | Noticed Crazy Yiuf
  2372 | D:3      | Reached XP level 5. HP: 27/46 MP: 4/4
  2530 | D:3      | Noticed Sigmund
  2540 | D:3      | Killed Sigmund
  2541 | D:3      | Reached skill level 1 in Shields
  2541 | D:3      | Reached XP level 6. HP: 25/56 MP: 5/5
  2665 | D:3      | Killed Crazy Yiuf
  2675 | D:3      | Identified the +9 mace of the Beast {holy, *Slow Fly rElec
                  | Int+4}
  2752 | D:4      | Identified the +4 robe of the Kettle-Drum {Will+ Dex+5
                  | Stlth+}
  2753 | D:4      | Found an iron altar of Okawaru.
  2779 | D:4      | Noticed Grinder
  2784 | D:4      | Killed Grinder
  2785 | D:4      | Reached skill level 1 in Maces & Flails
  2785 | D:4      | Reached XP level 7. HP: 4/62 MP: 6/6
  2936 | D:4      | Noticed Leszczynek's ghost (amateur HuGl)
  2968 | D:4      | Found a transporter.
  3144 | D:4      | Found a transporter.
  3159 | D:4      | Killed Leszczynek's ghost
  3160 | D:4      | Reached skill level 5 in Dodging
  3374 | D:4      | Reached * piety under Cheibriados
  3401 | D:4      | Found a shadowy altar of Dithmenos.
  3462 | D:5      | Entered Level 5 of the Dungeon
  3505 | D:5      | Reached XP level 8. HP: 51/72 MP: 7/7
  3538 | D:5      | Found a stormy altar of Qazlal.
  3802 | D:5      | Identified the +8 glaive "Zoppubla" {elec, rF+}
  4262 | D:6      | Reached ** piety under Cheibriados
  4263 | D:6      | Reached skill level 6 in Dodging
  4346 | D:6      | Noticed Menkaure
  4353 | D:6      | Killed Menkaure
  4365 | D:6      | Reached skill level 5 in Armour
  4365 | D:6      | Gained mutation: You passively map the area around you.
                  | [Deep Dwarf growth]
  4365 | D:6      | Reached XP level 9. HP: 26/79 MP: 8/8
  4501 | D:6      | Noticed Pikel
  4503 | D:6      | Reached skill level 1 in Invocations
  4511 | D:6      | Killed Pikel
  4512 | D:6      | Reached skill level 5 in Fighting
  4512 | D:6      | Reached skill level 5 in Throwing
  4512 | D:6      | Reached skill level 5 in Shields
  4552 | D:6      | Found a staircase to the Ecumenical Temple.
  5278 | D:7      | Found a runed translucent door.
  5340 | D:7      | Noticed qborf's ghost (novice SpAE)
  5359 | D:7      | Reached *** piety under Cheibriados
  5624 | D:7      | Found Duiliyf's Weapon Shoppe.
  5626 | D:7      | Found Cogymnuh's Weapon Shoppe.
  5628 | D:7      | Found Pihuddos's Distillery.
  5630 | D:7      | Found Fearo's General Store.
  5639 | D:7      | Bought a scroll of identify for 24 gold pieces
  5639 | D:7      | Bought a scroll of identify for 24 gold pieces
  5639 | D:7      | Bought a scroll of vulnerability for 90 gold pieces
  5639 | D:7      | Bought a potion of attraction for 36 gold pieces
  5804 | D:7      | Reached skill level 7 in Dodging
  5896 | D:7      | Found an ornate altar of the Wu Jian Council.
  5897 | D:7      | Found a shimmering altar of Xom.
  5898 | D:7      | Found a bloodstained altar of Trog.
  5970 | D:7      | Killed qborf's ghost
  5971 | D:7      | Reached XP level 10. HP: 68/88 MP: 11/11
  5979 | D:7      | Upgraded the game from 0.29-a0-311-gcbd9eb2193 to
                  | 0.29-a0-315-gaf6dd05e2f
  6188 | D:8      | Identified the +5 flail of the First Curses {flame, *Slow
                  | +Blink rPois rC+++}
  6246 | D:8      | Reached **** piety under Cheibriados
  6247 | D:8      | Reached skill level 5 in Maces & Flails
  6298 | D:8      | Noticed Maurice
  6307 | D:8      | Killed Maurice
  6380 | D:8      | Noticed Joseph
  6388 | D:8      | Noticed Erica
  6398 | D:8      | HP: 1/91 [Joseph/iceblast (4)]
  6411 | D:7      | Killed Erica
  6423 | D:8      | Killed Joseph
  6452 | D:8      | Reached skill level 5 in Invocations
  6638 | D:8      | Identified the +4 dagger "Deif" {freeze, rPois rCorr Int-4
                  | Dex+7}
  6908 | D:9      | Identified the +5 chain mail of the Morning {rC+ rN+ Will+}
  6976 | D:9      | Noticed Gastronok
  6977 | D:9      | Noticed a boulder beetle
  6986 | D:9      | Mangled by Gastronok

Illustrated notes

Levels and vault maps discovered:
D:1:      scummos_arrival_gate, layout_basic, roderic_st_hans_cross,
          dk_noncrumbling_2, minmay_misc_feat_tower
D:2:      layout_loops_ring, serial_shops, nicolae_shop_overgrown_old_shop,
          basic_ecumenical_altar
D:3:      layout_basic, lemuel_crystal_altar, minmay_puff, uniq_jessica,
          uniq_terence, uniq_crazy_yiuf_cottage, uniq_sigmund
D:4:      layout_loops_ring, mainiacjoe_overflow_six_doors_small,
          okawaru_gym_becter, gammafunk_ghost_arena, serial_rivers,
          chequers_serial_rivers_room_b, chequers_serial_rivers_small_3,
          chequers_serial_rivers_large_a, chequers_serial_rivers_large_b,
          chequers_serial_rivers_small_a, uniq_grinder
D:5:      layout_gridville, nicolae_qazlal_scattered_showers
D:6:      cheibrodos_iron_armory, layout_layer_cave,
          minmay_temple_entry_water_ring, uniq_pikel, uniq_menkaure
D:7:      layout_basic, minitemple, hellmonk_ghost_happy_afterlife,
          serial_bayou_pond_d, minmay_shop_grid_forest, minmay_strange_pillars,
          minmay_mini_ossuary
D:8:      layout_loops_ring, hangedman_decor_push, uniq_joseph, uniq_erica,
          uniq_maurice
D:9:      layout_long_grid, nicolae_blasting_shop, minmay_misc_feat_cross,
          uniq_gastronok, uniq_harold

Skill      XL: |  1  2  3  4  5  6  7  8  9 10 |
---------------+-------------------------------+-----
Throwing       | 2 3 4 5 6 |  6.1
Fighting       | 2 3 4 5 6 |  6.0
Armour         | 1 2 3 5 6 |  6.8
Dodging        | 4 5 6 7 |  7.8
Axes           | 4 |  4.5
Shields        | 1 2 3 4 5 6 |  6.5
Maces & Flails | 1 2 3 4 5 |  5.6
Invocations    | 3 5 |  5.1

Action                   |  1- 3 |  4- 6 |  7- 9 | 10-12 || total
-------------------------+-------+-------+-------+-------++-------
Melee: War axe           |    86 |    65 |       |       ||   151
       Mace              |       |     7 |   233 |   159 ||   399
Throw: Stone             |    20 |     8 |       |       ||    28
       Javelin           |     2 |       |       |       ||     2
       Throwing net      |     1 |       |       |       ||     1
       Boomerang         |       |     2 |    93 |       ||    95
Invok: Bend Time         |       |       |       |     1 ||     1
 Abil: Heal Wounds       |       |     1 |     9 |     9 ||    19
  Use: Scroll            |       |     6 |     7 |       ||    13
       Potion            |       |     1 |     1 |       ||     2
Armor: Scale mail        |     9 |       |       |       ||     9
       Leather armour    |     1 |       |       |       ||     1
       Chain mail        |    31 |       |       |    13 ||    44
       Plate armour      |    13 |    39 |   215 |    66 ||   333
Dodge: Dodged            |    43 |    18 |   118 |    90 ||   269
Block: Kite shield       |       |    18 |   186 |   107 ||   311

Table legend: (Time is in decaauts)
 A = Elapsed time spent in this place.
 B = Non-inter-level travel time spent in this place.
 C = Inter-level travel time spent in this place.
 D = Time resting spent in this place.
 E = Time spent auto-exploring this place.
 F = Levels seen in this place.
 G = Mean time per level.
                   A        B        C        D        E       F      G
               +--------+--------+--------+--------+--------+-----+--------+
         Total |   9267 |   8903 |    364 |     13 |   6972 |   9 | 1029.7 |
       Dungeon |   9267 |   8903 |    364 |     13 |   6972 |   9 | 1029.7 |
               +--------+--------+--------+--------+--------+-----+--------+

Top non-repeatable levels by time:
     D:6: 1527 daAuts
     D:7: 1379 daAuts
     D:3: 1369 daAuts
     D:8: 1184 daAuts
     D:5: 1059 daAuts
     D:4: 983 daAuts
     D:1: 853 daAuts
     D:2: 744 daAuts
     D:9: 167 daAuts
